 Dungeon Crawl Stone Soup version 0.29.1-12-g30fa7ad0bf (webtiles) character file.

Game seed: 11547454783551209381

254 wormed the Shooter (level 5, -1/27 HPs)
             Began as a Spriggan Hunter on Dec 29, 2022.
             Slain by a gnoll bouda
             ... wielding a +0 whip
              (5 damage)
             ... on level 5 of the Dungeon.
             The game lasted 00:05:25 (3068 turns).

wormed the Shooter (Spriggan Hunter)                Turns: 3068, Time: 00:05:25

Health: -1/27      AC:  2    Str:  7    XL:     5   Next: 91%
Magic:  6/6        EV: 20    Int: 10    God:
Gold:   203        SH:  0    Dex: 21    Spells: 4/4 levels left

rFire   . . .      SeeInvis +   a - +0 shortbow
rCold   . . .      Faith    .   (shield currently unavailable)
rNeg    . . .      Spirit   .   c - +0 robe
rPois   .          Reflect  .   (helmet restricted)
rElec   .          Harm     .   (no cloak)
rCorr   .          Rampage  .   (gloves unavailable)
Will    .....                   (boots unavailable)
Stlth   +++.......              j - amulet of the acrobat
HPRegen 0.09/turn               (no ring)
MPRegen 0.10/turn               (no ring)

@: weakened, very quick
A: very small, no large weapons, unfitting armour, see invisible, speed 3
a: no special abilities


You were on level 5 of the Dungeon.
You visited 1 branch of the dungeon, and saw 6 of its levels.

You collected 203 gold pieces.

Inventory:

Hand Weapons
 a - a +0 shortbow (weapon)
Armour
 c - a +0 robe (worn)
Jewellery
 j - an amulet of the acrobat (around neck)
Wands
 m - a wand of charming (3)
Scrolls
 b - a scroll of immolation
 d - a scroll of amnesia {unknown}
 f - 2 scrolls of teleportation {unknown}
 i - 2 scrolls of enchant weapon {unknown}
 k - a scroll of summoning {unknown}
 l - a scroll of acquirement {unknown}
 o - 2 scrolls of identify {unknown}
 p - a scroll of poison {unknown}
 r - a scroll of noise {unknown}
Potions
 e - 3 potions of curing
 g - a potion of might {unknown}
 h - a potion of ambrosia {unknown}
 n - a potion of lignification {unknown}
 q - a potion of flight {unknown}
 s - a potion of magic {unknown}


   Skills:
 + Level 2.6 Fighting
 * Level 5.5 Ranged Weapons
 + Level 4.3 Dodging
 + Level 4.3 Stealth


You had 4 spell levels left.
You didn't know any spells.
Your spell library contained the following spells:

 Spells                   Type           Power      Damage    Failure   Level
 Apportation              Tloc           0%         N/A       36%         1
 Necrotise                Necr           0%         1d4       36%         1
 Summon Small Mammal      Summ           0%         N/A       36%         1
 Static Discharge         Conj/Air       0%         3-3/arc   50%         2
 Vampiric Draining        Necr           0%         2d6       75%         3
 Summon Ice Beast         Ice/Summ       0%         N/A       98%         4
 Agony                    Necr           0%         N/A       100%        5
 Lightning Bolt           Conj/Air       0%         1d11      100%        5
 Summon Mana Viper        Hex/Summ       0%         N/A       100%        5
 Monstrous Menagerie      Summ           0%         N/A       100%        7
 Maxwell's Capacitive Co  Air            0%         ∞         100%        8


Dungeon Overview and Level Annotations

Branches:
Dungeon (6/15)
 Temple: D:4-7

Altars:
Kikubaaqudgha
Makhleb
Okawaru
Sif Muna
Trog

Shops:
D:3 (

Annotations:
D:3 1 transporter, FexLirch's ghost, weakling MeFi


Innate Abilities, Weirdness & Mutations

You are very small and have problems with some larger weapons.
You are too small for most types of armour.
You have supernaturally acute eyesight. (SInv)
You cover ground extremely quickly. (Speed+++)


Message History

You kill the gnoll!
The gnoll barely misses you.
Your gnoll hits the gnoll with a +0 club.
The gnoll closely misses your gnoll. The gnoll misses you.
Aiming: Charm
Press: ? - help, Shift-Dir - straight line, f - black bear
Aim: a black bear (chance to affect: 49%)
The black bear is charmed.
The gnoll hits your gnoll with a +0 whip of flaming.
The gnoll burns your gnoll.
Your gnoll dies!
The gnoll bouda barks out a call to the hunt!
The gnoll picks up the pace!
The gnoll throws a throwing net.
The throwing net hits you.
You become entangled in the net!
You hear a shout!
You tear a large gash into the net.
The gnoll hits you from afar with a +0 spear.
You shred the net and break free!
The gnoll hits you with a +0 whip of flaming.
The gnoll burns you.
The gnoll bouda barely misses your black bear.
You swap places.
The gnoll hits your black bear with a +0 whip of flaming.
The gnoll burns your black bear.
Things that are here:
a +0 whip; a gnoll corpse Fire: a) +0 shortbow
Press: ? - help, Q - select action, (/) - cycle Shift-Dir - straight line, f - gnoll bouda, p - black bear
Aim: a gnoll bouda, wielding a +0 whip and wearing a +0 leather armour (69% to hit)
You shoot an arrow. The arrow hits the gnoll bouda.
The gnoll bouda is moderately wounded.
The gnoll bouda hits you with a +0 whip!
* * * LOW HITPOINT WARNING * * *
The gnoll barely misses your black bear.
The gnoll bouda gazes fiercely through you!
You feel your attacks grow feeble.
A gnoll comes into view. It is wielding a +0 flail.
The gnoll bouda hits you with a +0 whip.
You die...

#.##[g...
###...g....
#...###..##
#.#.# ..#
#h#.# #.#
#.#.# ...#
#.#.. .....
#.####gg...#


#.g@hgor# #######....# ### You could see 2 gnoll boudas, 2 gnolls, an orc, a
quokka and a friendly black bear (charmed).

Vanquished Creatures
  A centaur zombie (D:6)
  2 iguanas
  5 gnolls
  2 adders
  2 worms (D:2)
  4 dart slugs (D:3)
  5 orcs
  3 ball pythons
  6 bats
  3 endoplasms
  6 giant cockroaches
  A goblin (D:3)
  5 hobgoblins
  15 jackals
  3 quokkas
  A frilled lizard (D:3)
  10 kobolds
  8 rats
82 creatures vanquished.

Vanquished Creatures (others)
  A gnoll (D:5)
  2 withered plants (D:6)
3 creatures vanquished.

Grand Total: 85 creatures vanquished

Notes
Turn   | Place    | Note
-------+----------+-------------------------------------------
     0 | D:1      | wormed the Spriggan Hunter began the quest for the Orb.
     0 | D:1      | Reached XP level 1. HP: 10/10 MP: 2/2
   137 | D:1      | Reached XP level 2. HP: 15/15 MP: 3/3
   489 | D:1      | Found a faded altar of an unknown god.
   639 | D:2      | Found an ancient bone altar of Kikubaaqudgha.
   710 | D:2      | Reached XP level 3. HP: 14/18 MP: 4/4
  1273 | D:2      | Reached XP level 4. HP: 9/23 MP: 5/5
  1922 | D:3      | Reached skill level 5 in Ranged Weapons
  1922 | D:3      | Reached XP level 5. HP: 26/26 MP: 6/6
  1954 | D:3      | Found a burning altar of Makhleb.
  1955 | D:3      | Found an iron altar of Okawaru.
  1955 | D:3      | Found a shimmering blue altar of Sif Muna.
  1955 | D:3      | Found a bloodstained altar of Trog.
  2194 | D:3      | Found a transporter.
  2196 | D:3      | Noticed FexLirch's ghost (weakling MeFi)
  2324 | D:3      | Found Elukaun's Weapon Boutique.
  2784 | D:4      | You fall into a shaft and drop 2 floors!
  2794 | D:6      | Noticed a phantom
  2979 | D:6      | Noticed an ice beast
  2990 | D:6      | Noticed an orc warrior
  3043 | D:5      | Entered Level 5 of the Dungeon
  3043 | D:5      | Noticed a black bear
  3068 | D:5      | Slain by a gnoll bouda

Illustrated notes

Levels and vault maps discovered:
D:1:      dpeg_arrival_connections, layout_basic,
          dreamdust_ecumenical_altar_hidden_monk_grotto
D:2:      layout_basic, basic_altar, kennysheep_cross_bottleneck
D:3:      kennysheep_slugbush, layout_basic, minitemple,
          gammafunk_ghost_mausoleum, serial_shops, nicolae_shop_stone
D:4:      layout_basic
D:5:      layout_basic, amcnicky_altar_lugonu_corruption
D:6:      layout_loops_corners, mainiacjoe_overflow_large_starburst,
          serial_undead, serial_undead_a, serial_undead_e, serial_undead_b,
          serial_undead_c, serial_undead_e, serial_undead_f, serial_undead_b,
          serial_undead_d, uniq_edmund

Skill      XL: |  1  2  3  4  5 |
---------------+----------------+-----
Stealth        | 2 3 4 |  4.3
Dodging        | 3 4 |  4.3
Fighting       | 2 |  2.6
Ranged Weapons | 5 |  5.5

Action                   |  1- 3 |  4- 6 || total
-------------------------+-------+-------++-------
 Fire: Shortbow          |    88 |   139 ||   227
Evoke: Wand              |       |     2 ||     2
Armor: Robe              |     3 |     4 ||     7
Dodge: Dodged            |    12 |    53 ||    65
